 Dungeon Crawl Stone Soup version 0.28-a0-8-g6e044cfa68 (webtiles) character file.

Game seed: 2950334994429884484

1 Zonian the Gusty (level 1, 0/14 HPs)
             Began as a Draconian Wanderer on July 24, 2021.
             Frozen to death by an endoplasm (1 damage)
             ... on level 1 of the Dungeon.
             The game lasted 00:01:14 (21 turns).

Zonian the Gusty (Draconian Wanderer)                 Turns: 21, Time: 00:01:15

Health: 0/14       AC:  4    Str: 11    XL:     1   Next: 16%
Magic:  3/3        EV: 11    Int: 16    God:
Gold:   0          SH:  0    Dex:  9    Spells: 3/4 levels left

rFire   . . .      SeeInvis .   a - +2 dagger
rCold   . . .      Faith    .   (no shield)
rNeg    . . .      Spirit   .   (armour unavailable)
rPois   .          Reflect  .   (helmet restricted)
rElec   .          Harm     .   (no cloak)
rCorr   .          Rampage  .   (no gloves)
Will    .....                   (no boots)
Stlth   +.........              (no amulet)
HPRegen 0.04/turn               (no ring)
MPRegen 0.08/turn               (no ring)

@: slowed, very slow
A: AC +4, unfitting armour, cold-blooded
a: no special abilities


You were on level 1 of the Dungeon.
You visited 1 branch of the dungeon, and saw 1 of its levels.

Inventory:

Hand Weapons
 a - a +2 dagger (weapon)
Missiles
 b - 2 curare-tipped darts (quivered)


   Skills:
 + Level 0.0 Fighting
 + Level 0.0 Short Blades
 - Level 1.0 Throwing
 + Level 0.0 Stealth
 - Level 1.0 Shields
 + Level 2.0 Spellcasting
 - Level 2.0 Conjurations
 - Level 1.0 Necromancy
 - Level 1.0 Fire Magic
 + Level 0.0 Ice Magic
 - Level 2.0 Air Magic


You had 3 spell levels left.
You knew the following spells:

 Your Spells              Type           Power      Damage    Failure   Level
a - Freeze                Ice            4%         1d3       21%         1

Your spell library contained the following spells:

 Spells                   Type           Power      Damage    Failure   Level
 Foxfire                  Conj/Fire      24%        2x1d5     11%         1
 Dazzling Flash           Conj/Hex       8%         N/A       38%         3
 Frozen Ramparts          Ice            2%         1d2       52%         3


Dungeon Overview and Level Annotations

Branches:
Dungeon (1/15)

Altars:


Innate Abilities, Weirdness & Mutations

Your plain brown scales are hard. (AC +4)
You cannot fit into any form of body armour.
You are cold-blooded and may be slowed by cold attacks.


Message History

An endoplasm comes into view.
There is an open door here.
You closely miss the giant cockroach. The giant cockroach bites you.
You barely miss the giant cockroach.
The endoplasm quivers.
The giant cockroach bites you but does no damage.
You hit the giant cockroach.
Your tail-slap misses the giant cockroach.
The giant cockroach is heavily wounded.
The giant cockroach barely misses you.
You hit the giant cockroach.
The giant cockroach is severely wounded.
The giant cockroach completely misses you.
The giant cockroach misses you.
You hit the giant cockroach.
You kill the giant cockroach!
The endoplasm barely misses you.
Found a granite ring.
You barely miss the endoplasm. The endoplasm freezes you.
You are frozen.
Unknown command.
You hit the endoplasm.
The endoplasm is heavily wounded.
The endoplasm freezes you.
You are frozen.
* * * LOW HITPOINT WARNING * * *
You feel yourself slow down.
You barely miss the endoplasm.
The endoplasm is heavily wounded.
The endoplasm hits you.
* * * LOW HITPOINT WARNING * * *
The endoplasm hits you but does no damage.
Unknown command.
You aren't carrying any potions.
You hit the endoplasm.
The endoplasm is almost dead.
The endoplasm freezes you.
You are frozen.
You die...

#(.((.#...# #.#.
#.(8(.'(<.# #.#.
#.((((#(..#
#....#(((((#...#
#...=##(..###.##
......#...# ###
......##.##
.......#'##
......J@..#
#.........#
#.........#
..........#
...........
............
##......##...
#....... ....


You could see an endoplasm.

Vanquished Creatures
  A giant cockroach (D:1)
1 creature vanquished.

Notes
Turn   | Place    | Note
-------+----------+-------------------------------------------
     0 | D:1      | Zonian the Draconian Wanderer began the quest for the Orb.
     0 | D:1      | Zonian set off with the following items: a +2 dagger, 2
                  | curare-tipped darts; and the following spells available to
                  | memorise: Foxfire, Freeze, Dazzling Flash, Frozen Ramparts
     0 | D:1      | Reached XP level 1. HP: 14/14 MP: 3/3
     2 | D:1      | Learned a level 1 spell: Freeze
    21 | D:1      | Frozen to death by an endoplasm

Illustrated notes

Levels and vault maps discovered:
D:1:      minmay_arrival_shattered_statue, layout_rooms, minmay_tromino_v7

Action                   || total
-------------------------++-------
Melee: Dagger            ||     9
Armor: Skin              ||     2
Dodge: Dodged            ||     4

Table legend: (Time is in decaauts)
 A = Elapsed time spent in this place.
 B = Non-inter-level travel time spent in this place.
 C = Inter-level travel time spent in this place.
 D = Time resting spent in this place.
 E = Time spent auto-exploring this place.
 F = Levels seen in this place.
 G = Mean time per level.
                   A        B        C        D        E       F      G
               +--------+--------+--------+--------+--------+-----+--------+
         Total |     21 |     21 |      0 |      0 |      8 |   1 |   21.0 |
       Dungeon |     21 |     21 |      0 |      0 |      8 |   1 |   21.0 |
               +--------+--------+--------+--------+--------+-----+--------+

Top non-repeatable levels by time:
     D:1: 21 daAuts
